 Dungeon Crawl Stone Soup version 0.29-a0-1027-gcd8c55af63 (webtiles) character file.

Game seed: 12854212200407831345

23 maded the Ruffian (level 3, -1/19 (31) HPs)
             Began as a Meteoran Cinder Acolyte on Aug 12, 2022.
             Was a High Priest of Ignis.
             Splashed by a jelly's acid (3 damage)
             ... on level 1 of the Dungeon.
             The game lasted 00:10:30 (618 turns).

maded the Ruffian (Meteoran Cinder Acolyte)          Turns: 618, Time: 00:10:31

HP:   -1/19 (31)    AC:  3    Str: 15    XL:     3   Next: 26%
MP:   6/6           EV: 11    Int: 15    God:    Ignis [*****.]
Gold: 60            SH:  0    Dex: 12    Spells: 5/5 levels left

rFire   + . .      SeeInvis .     - Unarmed
rCold   . . .      Faith    .   (no shield)
rNeg    . . .      Spirit   .   a - +0 robe
rPois   .          Reflect  .   (no helmet)
rElec   .          Harm     .   (no cloak)
rCorr   .          Rampage  .   (no gloves)
Will    .....                   l - +1 pair of boots
Stlth   +.........              (no amulet)
HPRegen 0.06/turn               (no ring)
MPRegen 0.10/turn               (no ring)

@: corroded, fiery-armoured, glowing, very heavily drained
A: sense surroundings 1, otherworldly, glowing, explore regen
a: Renounce Religion, Fiery Armour, Foxfire Swarm, Rising Flame


You were on level 1 of the Dungeon.
You worshipped Ignis.
Ignis was extremely pleased with you.
You visited 1 branch of the dungeon, and saw 2 of its levels.

You collected 60 gold pieces.

Inventory:

Hand Weapons
 f - a +0 club
 i - a +0 short sword
Missiles
 j - 10 stones (quivered)
 k - 8 poisoned darts
Armour
 a - a +0 robe (worn)
 h - a +0 leather armour
 l - a +1 pair of boots (worn)
Scrolls
 b - 3 scrolls of identify {unknown}
 e - a scroll of poison {unknown}
 g - a scroll of teleportation {unknown}
 m - a scroll of blinking {unknown}
Potions
 c - a potion of flight {unknown}
 d - a potion of mutation {unknown}


   Skills:
 + Level 3.6 Fighting
 + Level 4.0 Unarmed Combat
 + Level 1.8 Spellcasting
 + Level 4.0 Fire Magic
 + Level 1.0 Invocations


You had 5 spell levels left.
You didn't know any spells.
Your spell library contained the following spells:

 Spells                   Type           Power      Damage    Failure   Level
 Scorch                   Fire           26%        2d6       7%          2


Dungeon Overview and Level Annotations

Branches:
Dungeon (2/15) Zot: 784

Altars:


Innate Abilities, Weirdness & Mutations

You passively map a small area around you.
You are easily found by Zot.
You glow in the dark.
You regain HP and MP as you explore.


Message History

Okay, then.
Really rest while Zot is near?
You start waiting.
Zot draws nearer.
Dive deeper or flee this branch before you suffer!
Really rest while Zot is near?
You start waiting.
Zot has nearly found you.
Suffering is approaching.
Descend or flee this branch!
Zot's power touches on you...
You feel drained.
Okay, then.
You are glowing.
Your life force is very heavily drained.
Your movement speed is average.
Your attack delay is about 0.9.
Unknown command.
There is a stone staircase leading down here.
There is a stone staircase leading down here.
You climb downwards.
The jelly quivers.
There is a stone staircase leading up here.
You hit the jelly but do no damage.
Your hands burn!
You hit the jelly.
Your hands burn!
The jelly is lightly wounded.
The jelly hits you. The acid corrodes you!
You are splashed with acid!
Ouch! That really hurt!
* * * LOW HITPOINT WARNING * * *
A protective cloak of flame settles atop you.
The jelly hits you but does no damage.
The jelly is burned by your cloak of flames.
The jelly is heavily wounded.
You hit the jelly but do no damage.
Your hands burn!
* * * LOW HITPOINT WARNING * * *
The jelly is heavily wounded.
The jelly barely misses you.
There is a stone staircase leading up here.
The jelly closely misses you.
You climb upwards.
There is a stone staircase leading down here.
The jelly attacks as you move away! The jelly barely misses you.
You hit the jelly but do no damage. The acid corrodes you!
Your hands burn!
You die...

.)###.........#
..............#
.####..÷......######
.# ###.....##.....##
.## ##...÷..........##
..###................#
#.†.#................#
###.#.÷..............#
# #.............@....#
#####..........J.....#
..............>......#
##.###..............##
#.# ##......#.....##
#.# ####..######## #.#
#..# #.# #..# #.#
####..##


You could see a jelly.

Vanquished Creatures
  3 ball pythons (D:1)
  An endoplasm (D:1)
  A giant cockroach (D:1)
  3 goblins (D:1)
  4 hobgoblins (D:1)
  2 bats (D:1)
  3 frilled lizards (D:1)
  3 kobolds (D:1)
  2 rats (D:1)
22 creatures vanquished.

Notes
Turn   | Place    | Note
-------+----------+-------------------------------------------
     0 | D:1      | maded the Meteoran Cinder Acolyte began the quest for the
                  | Orb.
     0 | D:1      | Reached XP level 1. HP: 19/19 MP: 3/3
   111 | D:1      | Reached XP level 2. HP: 26/26 MP: 5/5
   235 | D:1      | Reached XP level 3. HP: 30/31 MP: 6/6
   276 | D:1      | Reached skill level 1 in Invocations
   501 | D:1      | Glimpsed the power of Zot.
   551 | D:1      | Glimpsed the power of Zot.
   591 | D:1      | Glimpsed the power of Zot.
   601 | D:1      | Touched by the power of Zot.
   618 | D:1      | Splashed by a jelly's acid

Illustrated notes

Levels and vault maps discovered:
D:1:      giann_forest_graveyard, layout_rooms
D:2:      layout_basic, grunt_ministairs_3, uniq_crazy_yiuf_cottage

Skill      XL: |  1  2  3 |
---------------+----------+-----
Invocations    | 1 |  1.0
Unarmed Combat | 4 |  4.0
Fire Magic     | 4 |  4.0
Fighting       | |  3.6
Spellcasting   | |  1.8

Action                   || total
-------------------------++-------
Melee: Unarmed           ||    30
       Punch             ||     2
Invok: Fiery Armour      ||     3
Armor: Robe              ||    14
Dodge: Dodged            ||    12

Table legend: (Time is in decaauts)
 A = Elapsed time spent in this place.
 B = Non-inter-level travel time spent in this place.
 C = Inter-level travel time spent in this place.
 D = Time resting spent in this place.
 E = Time spent auto-exploring this place.
 F = Levels seen in this place.
 G = Mean time per level.
                   A        B        C        D        E       F      G
               +--------+--------+--------+--------+--------+-----+--------+
         Total |    616 |    589 |     27 |     80 |    332 |   2 |  308.0 |
       Dungeon |    616 |    589 |     27 |     80 |    332 |   2 |  308.0 |
               +--------+--------+--------+--------+--------+-----+--------+

Top non-repeatable levels by time:
     D:1: 608 daAuts
     D:2: 7 daAuts
